 Dungeon Crawl Stone Soup version 0.30.1-11-g7821555f0a (webtiles) character file.

Game seed: 4293553316904298816

576 Zeor the Slasher (level 7, -2/47 (51) HPs)
             Began as a Demonspawn Gladiator on Nov 3, 2023.
             Was an Initiate of Kikubaaqudgha.
             Slain by an orc
             ... wielding a +0 flail
              (4 damage)
             ... on level 5 of the Dungeon.
             The game lasted 00:13:28 (4093 turns).

Zeor the Slasher (Demonspawn Gladiator)             Turns: 4093, Time: 00:13:28

HP:   -2/47 (51)    AC:  8    Str: 15    XL:     7   Next: 12%
MP:   11/11         EV: 13    Int: 11    God:    Kikubaaqudgha [......]
Gold: 250           SH:  0    Dex: 14    Spells: 12/12 levels left

rFire   . . .        a - +1 long sword
rCold   . . .        (no shield)
rNeg    + . .        k - +2 robe {rN+}
rPois   .            c - +0 helmet
rElec   .            j - +1 cloak
rCorr   .            (no gloves)
SInv    .            p - +0 pair of boots {Stlth+}
Will    .....        (no amulet)
Stlth   +++          (no ring)
HPRegen 0.27/turn    (no ring)
MPRegen 0.12/turn

%: no passive effects
@: drained
A: claws 2, foul stench 1, powered by pain 2
a: Renounce Religion


You were on level 5 of the Dungeon.
You worshipped Kikubaaqudgha.
Kikubaaqudgha was noncommittal.
You visited 2 branches of the dungeon, and saw 7 of its levels.

You collected 250 gold pieces.

Inventory:

Hand Weapons
 a - a +1 long sword (weapon)
Missiles
 e - a javelin (quivered)
 t - 2 throwing nets
Armour
 b - a +0 leather armour
 c - a +0 helmet (worn)
 d - a +0 robe of resistance
 j - a +1 cloak (worn)
 k - a +2 robe of positive energy (worn)
 p - a +0 pair of boots of stealth (worn)
Magical Staves
 h - a staff of death
 r - a staff of cold
Jewellery
 l - an amulet of faith
Wands
 m - a wand of digging (6)
 o - a wand of flame (33)
 s - a wand of paralysis (6)
Scrolls
 i - a scroll of identify
 u - a scroll of amnesia
Potions
 g - a potion of attraction
 n - a potion of mutation


   Skills:
 + Level 2.9 Fighting
 + Level 4.7 Long Blades
 + Level 2.0 Throwing
 + Level 1.0 Armour
 + Level 4.2 Dodging
 + Level 1.7 Stealth
 * Level 3.1 Spellcasting
 * Level 0.8 Necromancy


You had 12 spell levels left.
You didn't know any spells.
Your spell library contained the following spells:

 Spells                   Type           Power      Damage    Failure   Level
 Sandblast                Erth           2%         2d4       26%         1
 Slow                     Hex            4%         N/A       26%         1
 Sting                    Tmut/Pois      4%         1d3       26%         1
 Passwall                 Tmut/Erth      0%         N/A       36%         2
 Poisonous Vapours        Pois/Air       2%         N/A       36%         2
 Vampiric Draining        Necr           3%         2d6       50%         3
 Confusing Touch          Hex            1%         N/A       61%         3
 Stone Arrow              Conj/Erth      2%         3d7       61%         3
 Olgreb's Toxic Radiance  Pois           1%         N/A       95%         4


Dungeon Overview and Level Annotations

Branches:
Dungeon (6/15)             Temple (1/1) D:6

Altars:
Fedhas
Gozag
Hepliaklqana
Kikubaaqudgha
Makhleb
Sif Muna
Uskayaw
Vehumet
Wu Jian
Yredelemnul

Shops:
D:2 [


Innate Abilities, Weirdness & Mutations

You have very sharp fingernails.
You may rarely emit foul miasma when damaged in melee.
You sometimes gain power by taking damage.


Message History

The scroll dissolves into smoke.
The wight closely misses you. The orc hits you with a +0 flail.
* * * LOW HITPOINT WARNING * * *
You hit the wight.
The wight is almost destroyed.
The wight hits you with a +0 hand axe.
* * * LOW HITPOINT WARNING * * *
You partially resist.
You feel drained. The orc barely misses you. The orc misses you.
You hit the wight.
You destroy the wight!
Kikubaaqudgha accepts your kill. The orc closely misses you.
You slash the orc priest!
The orc priest is severely wounded.
The orc priest looks encouraged for a moment.
You barely miss the orc priest.
The orc priest is severely wounded.
The orc barely misses you.
The orc priest hits you but does no damage.
The orc closely misses you.
You barely miss the orc priest.
The orc priest is severely wounded.
The orc barely misses you.
The orc priest hits you with a +0 hand axe.
* * * LOW HITPOINT WARNING * * *
The orc closely misses you.
You completely miss the orc priest.
The orc priest is severely wounded.
The orc misses you.
The orc priest hits you but does no damage.
The orc hits you with a +0 whip.
* * * LOW HITPOINT WARNING * * *
The orc hits you but does no damage. The orc barely misses you.
The orc priest barely misses you.
You hit the orc priest.
The orc priest is almost dead.
The orc hits you with a +0 flail.
You die...
Kikubaaqudgha rasps: "You have failed me!
Welcome... death!"

▒∙∙∙∙∙∙∙∙∙▒▒∙∙∙▒▒▒▒▒∙∙∙∙∙∙∙∙∙∙∙
▒∙∙∙∙∙∙∙∙∙▒∙∙∙∙▒∙∙▒▒∙∙∙∙†<▒
▒▒∙∙∙∙∙∙∙∙∙∙∙o∙∙∙∙▒▒∙∙∙∙∙∙▒
▒∙∙∙∙∙∙∙∙∙∙∙∙∙∙∙▒∙∙∙∙∙∙∙∙∙▒
▒∙▒∙∙∙∙∙∙∙∙∙∙∙∙∙▒∙∙∙∙∙▒▒∙∙▒
▒▒∙∙∙∙∙∙∙∙∙∙∙#####∙∙∙∙∙▒▒▒∙∙▒
▒▒∙∙∙∙∙∙∙∙∙∙∙#####▒▒∙∙∙∙∙∙∙∙▒▒
▒∙∙▒▒▒∙)∙∙∙∙#∙#oo▒▒▒▒▒∙▒▒▒▒▒▒
▒∙∙∙∙∙∙∙∙∙∙∙▒∙#o6▒∙∙∙▒∙▒
▒∙∙∙∙∙∙∙∙∙▒∙∙∙###▒∙∙∙▒∙▒
▒▒▒▒▒∙∙∙∙∙∙∙∙∙∙∙#▒∙∙†▒†▒
▒▒∙∙∙∙▒∙∙#∙∙∙▒∙∙∙(∙▒
▒∙∙∙∙▒∙∙∙∙∙∙▒∙∙∙▒∙▒ ▒▒▒▒
▒▒∙∙▒▒▒∙∙∙▒▒▒∙∙∙▒∙▒ ▒▒∙∙▒
▒▒▒▒▒∙∙∙∙∙▒▒∙∙∙▒∙▒ ▒∙)∙▒▒
▒▒∙∙∙∙)▒▒▒▒▒∙▒▒▒▒▒∙∙∙∙▒
▒∙∙∙∙∙∙▒▒▒∙∙∙∙∙∙▒▒▒∙▒▒


You could see an orc priest and 2 orcs.

Vanquished Creatures
  Sigmund (D:4)
  A scorpion (D:6)
  A wight (D:5)
  A howler monkey (D:5)
  An orc priest (D:4)
  A sleepcap (D:4)
  7 adders
  5 river rats (D:5)
  2 worms
  2 dart slugs
  5 orcs (D:4)
  8 ball pythons
  2 endoplasms
  3 giant cockroaches
  7 hobgoblins
  5 quokkas
  5 bats
  4 frilled lizards
  6 goblins
  11 kobolds
  22 rats
100 creatures vanquished.

Notes
Turn   | Place    | Note
-------+----------+-------------------------------------------
     0 | D:1      | Zeor the Demonspawn Gladiator began the quest for the Orb.
     0 | D:1      | Reached XP level 1. HP: 16/16 MP: 1/1
    87 | D:1      | Gained mutation: You sometimes gain a little power by
                  | taking damage. [demonic ancestry]
    87 | D:1      | Reached XP level 2. HP: 22/22 MP: 2/2
   416 | D:1      | Reached skill level 1 in Spellcasting
   416 | D:1      | Found a faded altar of an unknown god.
   786 | D:2      | Gained mutation: You have sharp fingernails. [demonic
                  | ancestry]
   786 | D:2      | Reached XP level 3. HP: 27/27 MP: 4/4
  1241 | D:2      | Found Gasmaus's Armour Shop.
  1241 | D:2      | You fall into a shaft and drop 2 floors!
  1300 | D:3      | Found a basalt altar of Yredelemnul.
  1343 | D:3      | Gained mutation: You have very sharp fingernails. [demonic
                  | ancestry]
  1343 | D:3      | Reached XP level 4. HP: 13/33 MP: 6/6
  1592 | D:3      | Found an ornate altar of the Wu Jian Council.
  1906 | D:2      | Reached skill level 1 in Armour
  2866 | D:4      | Noticed Sigmund
  2871 | D:4      | Reached XP level 5. HP: 33/38 MP: 8/8
  3186 | D:4      | Found a hide-covered altar of Uskayaw.
  3385 | D:4      | Killed Sigmund
  3386 | D:4      | Reached skill level 1 in Stealth
  3386 | D:4      | Gained mutation: You sometimes gain power by taking damage.
                  | [demonic ancestry]
  3386 | D:4      | Reached XP level 6. HP: 37/46 MP: 8/10
  3462 | D:5      | Entered Level 5 of the Dungeon
  3768 | D:5      | Noticed a yak
  3769 | D:5      | Noticed a yak
  3769 | D:5      | Noticed a yak
  3769 | D:5      | Noticed a yak
  3818 | D:6      | Found a staircase to the Ecumenical Temple.
  3825 | Temple   | Entered the Ecumenical Temple
  3831 | Temple   | Became a worshipper of Kikubaaqudgha
  3932 | D:6      | Gained mutation: You may rarely emit foul miasma when
                  | damaged in melee. [demonic ancestry]
  3932 | D:6      | Reached XP level 7. HP: 51/51 MP: 11/11
  4092 | D:5      | HP: 2/47 [orc/+0 whip (5)]
  4093 | D:5      | Slain by an orc

Illustrated notes

Levels and vault maps discovered:
D:1:      kennysheep_arrival_forest, layout_basic, basic_ecumenical_altar,
          st_stairs_1
D:2:      layout_loops_ring, serial_shops, shop
D:3:      layout_loops_corners, mainiacjoe_overflow_catch_the_wave
D:4:      layout_loops_ring, nicolae_uskayaw_suspiria, uniq_sigmund
D:5:      layout_cave_pools, dreamdust_mushroom_princess, dk_rats_in_the_wall,
          uniq_blork_the_orc
D:6:      layout_gridville, minmay_temple_entry_junction_2, serial_shops,
          shop_statue
Temple:   nicolae_temple_bog_church

Skill      XL: |  1  2  3  4  5  6 |
---------------+-------------------+-----
Spellcasting   | 1 2 3 |  3.1
Dodging        | 3 4 |  4.2
Long Blades    | 3 4 |  4.7
Armour         | 1 |  1.0
Throwing       | 2 |  2.0
Stealth        | 1 |  1.7
Fighting       | |  2.9
Necromancy     | |  0.8

Action                     |  1- 3 |  4- 6 |  7- 9 || total
---------------------------+-------+-------+-------++-------
  Melee: Long sword        |   105 |   230 |    17 ||   352
         Punch             |     1 |     2 |       ||     3
  Throw: Throwing net      |       |     3 |       ||     3
    Use: Scroll            |     1 |    13 |     1 ||    15
         Potion            |       |     2 |       ||     2
   Stab: Sleeping          |       |     3 |       ||     3
         Invisible         |       |     6 |       ||     6
         Distracted        |       |     1 |       ||     1
 Armour: Leather armour    |    28 |       |       ||    28
         Robe              |       |    57 |     8 ||    65
  Dodge: Dodged            |    86 |   148 |    24 ||   258
